 Dungeon Crawl Stone Soup version 0.21.1-1-g345015fe64 (webtiles) character file.

85 Ivernyr the Charmwright (level 4, 0/34 HPs)
             Began as a Demonspawn Skald on Apr 28, 2018.
             Succumbed to an adder's poison
             ... on level 3 of the Dungeon.
             The game lasted 00:05:48 (1855 turns).

Ivernyr the Charmwright (Demonspawn Skald)          Turns: 1855, Time: 00:05:48

Health: 0/34       AC:  5    Str: 16    XL:     4   Next: 25%
Magic:  1/7        EV: 12    Int: 14    God:
Gold:   149        SH:  0    Dex: 13    Spells: 2/7 levels left

rFire    + . .     SeeInvis .   a - +0 falchion
rCold    . . .     Gourm    .   (no shield)
rNeg     . . .     Faith    .   b - +0 leather armour
rPois    .         Spirit   .   (helmet restricted)
rElec    .         Reflect  .   g - +0 cloak (curse)
rCorr    .         Harm     .   (no gloves)
MR       .....                  k - +0 pair of boots
Stlth    +.........             (no amulet)
HPRegen  0.11/turn              h - +4 ring of strength
MPRegen  0.10/turn              m - ring of protection from fire

@: lethally poisoned (0 -> -7)
A: antennae 1, powered by pain 1
a: no special abilities


You were on level 3 of the Dungeon.
You were not hungry.

You visited 1 branch of the dungeon, and saw 3 of its levels.

You collected 149 gold pieces.

Inventory:

Hand Weapons
 a - a +0 falchion (weapon)
Armour
 b - a +0 leather armour (worn)
 g - a cursed +0 cloak (worn)
 k - a +0 pair of boots (worn)
 n - a scarf of cloud immunity
Jewellery
 h - a +4 ring of strength (left hand)
 m - a ring of protection from fire (right hand)
Scrolls
 e - a scroll of amnesia {unknown}
 l - a scroll of immolation {unknown}
 o - 2 scrolls of enchant armour {unknown}
 q - a scroll of random uselessness {unknown}
 r - 2 scrolls of teleportation {unknown}
 s - 3 scrolls of identify {unknown}
 t - a scroll of remove curse {unknown}
 v - a scroll of magic mapping {unknown}
Potions
 f - a potion of magic {unknown}
 i - a potion of lignification {unknown}
 j - a potion of heal wounds {unknown}
 p - a potion of flight {unknown}
 u - a potion of degeneration {unknown}
Books
 c - a book of Battle

   Spells                             Type                      Level
   a - Infusion                       Charms                       1
   b - Shroud of Golubria             Charms/Translocation         2
   c - Song of Slaying                Charms                       2
   d - Spectral Weapon                Hexes/Charms                 3
   e - Regeneration                   Charms/Necromancy            3
Comestibles
 d - 3 rations
 w - 3 chunks of flesh


   Skills:
 + Level 2.6 Fighting
 + Level 2.4 Long Blades
 * Level 2.4 Armour
 - Level 1.7 Dodging
 - Level 2.0 Spellcasting
 + Level 3.1 Charms


You had 2 spell levels left.
You knew the following spells:

 Your Spells              Type           Power        Failure   Level  Hunger
a - Shroud of Golubria    Chrm/Tloc      #.........   22%         2    ###....
b - Song of Slaying       Chrm           ##......     12%         2    ###....
c - Infusion              Chrm           ##..         8%          1    ##.....


Dungeon Overview and Level Annotations

Branches:
Dungeon (3/15)

Altars:
Yredelemnul


Innate Abilities, Weirdness & Mutations

You have a pair of small antennae on your head.
You sometimes gain a little power by taking damage.


Message History

Your shroud falls apart!
You hit the adder.
The adder is severely wounded.
You feel sick. The adder bites you.
* * * LOW HITPOINT WARNING * * *
You are more poisoned.
The adder poisons you!
You barely miss the adder.
The adder is severely wounded.
* * * LOW HITPOINT WARNING * * *
You feel sick. The adder bites you but does no damage. The adder misses you.
You miss the adder.
The adder is severely wounded.
* * * LOW HITPOINT WARNING * * *
You feel sick. The adder bites you but does no damage.
You slash the adder!
You kill the adder!
* * * LOW HITPOINT WARNING * * *
You feel sick.
You die...

#. .. ....# . ..
....# .##. #.
....# .....#.
....# ...#. ....
.$. ..####.
##.#.#.###.......
.......@<†......#
...#.#.#.#..###.#
#.#.#..# ....#..#
.........
..#.#.#..##
..........#
#.#.##......


There were no monsters in sight!

Vanquished Creatures
  Terence (D:2)
  A gnoll (D:3)
  3 adders
  An ooze (D:1)
  3 goblins
  2 hobgoblins (D:2)
  2 kobolds
  A quokka (D:2)
  2 bats
  3 frilled lizards
  5 rats
24 creatures vanquished.

Notes
Turn   | Place    | Note
-------+----------+-------------------------------------------
     0 | D:1      | Ivernyr the Demonspawn Skald began the quest for the Orb.
     0 | D:1      | Reached XP level 1. HP: 16/16 MP: 3/3
    69 | D:1      | Reached skill level 1 in Armour
   413 | D:1      | Gained mutation: You sometimes gain a little power by taking damage. [demonic ancestry]
   413 | D:1      | Reached XP level 2. HP: 22/22 MP: 5/5
   668 | D:1      | Learned a level 2 spell: Song of Slaying
   671 | D:1      | Learned a level 2 spell: Shroud of Golubria
   842 | D:2      | Found a basalt altar of Yredelemnul.
   903 | D:2      | Noticed Terence
  1359 | D:2      | Killed Terence
  1359 | D:2      | Reached skill level 3 in Charms
  1359 | D:2      | Reached XP level 3. HP: 8/28 MP: 3/6
  1835 | D:3      | Gained mutation: You have a pair of small antennae on your head. [demonic ancestry]
  1835 | D:3      | Reached XP level 4. HP: 22/34 MP: 3/7
  1854 | D:3      | HP: 1/34 [poisoned by an adder]
  1855 | D:3      | Succumbed to an adder's poison

Skill      XL: |  1  2 |
---------------+-------+-----
Armour         | 1 2 |  2.4
Long Blades    | 2 |  2.4
Charms         | 3 |  3.1
Fighting       | |  2.6
Dodging        | |  1.7
Spellcasting   | |  2.0

Action                   |  1- 3 |  4- 6 || total
-------------------------+-------+-------++-------
Melee: Falchion          |   123 |     9 ||   132
 Cast: Shroud of Golubri |     7 |     2 ||     9
       Song of Slaying   |     1 |       ||     1
 Stab: Sleeping          |     1 |       ||     1
  Eat: Chunk             |     4 |       ||     4
Armor: Leather armour    |    35 |     3 ||    38
Dodge: Dodged            |    89 |     3 ||    92
       Rpst.: Falchion   |    22 |       ||    22
